Yay, lawful female dwarven Valkyrie ------------ 0####..........<| |..........| |..........| |..........| |..........| +..........| -.---------- # # ### -.------+- |.....g@.| |......%G| |....>.G.| |........| ---------- Yay the Fighter Experience level: 7 Strength: 14 Dexterity: 15 Constitution: 19 Intelligence: 7 Wisdom: 7 Charisma: 10 Health: 0(79) Energy: 9(9) AC: 10 Gold: 102 Moves: 2987 Your Inventory: Coins $ - 102 gold pieces Weapons b - an uncursed +0 dagger (in quiver) C - an [uncursed +0] elven dagger (weapon in hand) Comestibles d - 2 uncursed food rations Spellbooks k - an uncursed spellbook of haste self Potions j - an [uncursed] cloudy potion [of speed] w - an [uncursed] swirly potion [of gain energy] Rings l - an uncursed ring of slow digestion (on left hand) m - an uncursed ring of see invisible Wands f - an [uncursed] wand of speed monster [0:4] g - an [uncursed] wand of polymorph [0:1] h - an [uncursed] wand of magic missile (0:0) Gems n - 3 [uncursed] violet gems [worthless glass] p - an [uncursed] blue gem [worthless glass] q - 2 [uncursed] black gems [obsidian] x - an [uncursed] green gem [worthless glass] z - an [uncursed] orange gem [worthless glass] B - an [uncursed] white gem [worthless glass] Spells known in the end: Name Level Category Fail Memory Your skills at the end: Fighting Skills Weapon Skills dagger [Basic / Expert] long sword [Basic / Expert] Spellcasting Skills Final Attributes: You were piously aligned. Hunger level was 559. Your alignment was 24 / 24. Monster difficulty range was 1 - 7. Level difficulty was 8. You were immune to cold. You were telepathic. You had infravision. You were stealthy. You had slower digestion. You were fast. Your luck was zero. You are dead. Vanquished creatures: a giant spider a dingo a raven 2 enormous rats a red naga hatchling a black naga hatchling a gray ooze 4 elf zombies 2 giant ants 3 floating eyes a kobold shaman a giant bat a monkey 2 iguanas a killer bee a coyote 3 hobbits a giant rat 5 cave spiders a yellow mold 3 gnomes a gecko 2 jackals 2 sewer rats 5 grid bugs 2 lichens 4 newts 53 creatures vanquished. Voluntary challenges: You used a wielded weapon 79 times. You read items or engraved 7 times. You put on armor 1 time. You never genocided any monsters. You polymorphed 2 items. You changed form 1 time. You used no wishes. You never wrote Elbereth's name. You never encountered a bones level. You never used any Sokoban shortcuts. Dungeon overview: The Dungeons of Doom: levels 1 to 4 Level 1 a long staircase Level 3 some fountains Level 4 a scroll shop, a fountain, a sink stairs to The Gnomish Mines The Gnomish Mines: levels 5 to 8 Level 5 stairs to The Dungeons of Doom Level 8 <- You were here History has recorded: On T:1 you entered the Dungeons of Doom to retrieve the Amulet of Yendor! On T:390 you reached level 2 of The Dungeons of Doom. On T:392 you advanced to experience level 2. On T:508 you advanced to experience level 3. On T:601 you reached level 3 of The Dungeons of Doom. On T:1197 you advanced to experience level 4. On T:1253 you reached level 4 of The Dungeons of Doom. On T:1416 you reached level 1 of The Gnomish Mines. On T:1469 you advanced to experience level 5. On T:1995 you advanced to experience level 6. On T:2047 you reached level 2 of The Gnomish Mines. On T:2259 you reached level 3 of The Gnomish Mines. On T:2759 you advanced to experience level 7. On T:2834 you reached level 4 of The Gnomish Mines. Latest messages: [HP+1=70] You hit the kobold shaman. The kobold shaman points all around, then curses. You miss the kobold shaman. You hit the kobold shaman. You kill the kobold shaman! b - an uncursed +0 dagger (in quiver). [HP+1=71] You miss the gargoyle. (2x) The gargoyle hits! (2x) The gargoyle bites! [HP-24=47] You hit the gargoyle! You miss the gargoyle. (2x) You hear crashing rock. The gargoyle hits! (2x) The gargoyle bites! [HP-15=32] You miss the gargoyle. The gargoyle hits! (2x) The gargoyle bites! [HP-24=8] The gargoyle hits! You die... Final status: Farvel Yay the Valkyrie... You died in The Gnomish Mines on dungeon level 8 with 2964 points, and 102 pieces of gold, after 2987 moves. You were level 7 with a maximum of 79 hit points when you died.